 Dungeon Crawl Stone Soup version 0.26-a0-996-g6b303dbc09 (webtiles) character file.

Game seed: 110345537097215005

1283 Conn the Firebug (level 8, -11/48 HPs)
             Began as an Octopode Fire Elementalist on Dec 6, 2020.
             Hit by a large rock thrown by a cyclops (21 damage)
             ... on level 6 of the Dungeon.
             The game lasted 00:26:49 (7638 turns).

Conn the Firebug (Octopode Fire Elementalist)       Turns: 7638, Time: 00:26:50

Health: -11/48     AC:  2    Str:  7    XL:     8   Next: 55%
Magic:  14/14      EV: 16    Int: 21    God:
Gold:   272        SH:  0    Dex: 13    Spells: 4/15 levels left

rFire    + + +     SeeInvis .   x - +9 mace of Nalla {venom, rF+ Int+2}
rCold    + . .     Faith    .   (no shield)
rNeg     . . .     Spirit   .   (helmet restricted)
rPois    +         Reflect  .   (no amulet)
rElec    +         Harm     .   u - ring of protection from fire
rCorr    +         Rampage  .   (no ring)
MR       +....                  (no ring)
Stlth    ++++......             (no ring)
HPRegen  0.16/turn              (no ring)
MPRegen  0.14/turn              (no ring)
                                (no ring)
                                (no ring)

@: resistant, berserk cooldown, hasted and slowed
A: almost no armour, stealthy swim, amphibious, 8 rings, constrict 8, repulsion
field 1, camouflage 1, magic resistance 1, shaggy fur 1, gelatinous body 1
a: no special abilities


You were on level 6 of the Dungeon.
You visited 1 branch of the dungeon, and saw 7 of its levels.

You collected 272 gold pieces.

Inventory:

Hand Weapons
 a - a +0 hunting sling
 k - a +0 dagger
 v - a +5 short sword
 x - the +9 mace of Nalla (weapon) {venom, rF+ Int+2}
   (You found it on level 5 of the Dungeon)

   It poisons the flesh of those it strikes.
   It affects your intelligence (+2).
   It protects you from fire.
Missiles
 c - 17 poisoned darts (quivered)
 h - 73 sling bullets
 j - 4 atropa-tipped darts
Armour
 w - a +2 buckler
Jewellery
 o - an uncursed ring of ice
 u - a ring of protection from fire (left tentacle)
Wands
 n - a wand of paralysis (5)
 r - a wand of disintegration (3)
 y - a wand of iceblast (13)
Scrolls
 b - 3 scrolls of remove curse
 e - 6 scrolls of identify
 m - a scroll of enchant armour
 t - 2 scrolls of amnesia
Potions
 d - 2 potions of curing
 g - a potion of brilliance
 i - a potion of haste
 q - a potion of magic
 z - a potion of mutation


   Skills:
 + Level 1.2 Fighting
 + Level 0.5 Short Blades
 * Level 3.6 Dodging
 + Level 4.1 Stealth
 * Level 2.7 Shields
 + Level 4.1 Spellcasting
 * Level 4.4 Conjurations
 * Level 6.6 Fire Magic
 + Level 0.8 Evocations


You had 4 spell levels left.
You knew the following spells:

 Your Spells              Type           Power        Failure   Level
a - Foxfire               Conj/Fire      ####         1%          1
b - Conjure Flame         Conj/Fire      ####....     3%          3
c - Inner Flame           Hex/Fire       ###.....     9%          3
d - Sticky Flame          Conj/Fire      ####....     12%         4

Your spell library contained the following spells:

 Spells                   Type           Power        Failure   Level
 Animate Skeleton         Necr           #.....       12%         1
 Apportation              Tloc           #.....       12%         1
 Beastly Appendage        Tmut           #.....       12%         1
 Corona                   Hex            #......      12%         1
 Summon Small Mammal      Summ           #...         12%         1
 Wereblood                Tmut           #.......     19%         2
 Spider Form              Tmut/Pois      #.........   34%         3
 Ice Form                 Ice/Tmut       #.......     75%         4
 Fireball                 Conj/Fire      ####......   32%         5
 Blade Hands              Tmut           #.........   97%         5


Dungeon Overview and Level Annotations

Branches:
Dungeon (7/15)
 Temple: D:4-7

Altars:
Ashenzari
Dithmenos
Gozag
Hepliaklqana
Trog
Uskayaw
Wu Jian


Innate Abilities, Weirdness & Mutations

You cannot wear most types of armour.
You are very stealthy in the water. (Stealth+)
You are amphibious.
You can wear up to eight rings at the same time.
You can use your tentacles to constrict eight enemies at once.
Your skin changes colour to match your surroundings (Stealth+).
Your rubbery body absorbs attacks. (AC +1, EV +1)
You are surrounded by a mild repulsion field. (EV +2)
You are resistant to hostile enchantments. (MR+)
You are covered in fur. (AC +1)


Message History

Your surroundings suddenly seem different.
A centaur zombie comes into view.
A wight comes into view.
It is wielding a +1 scimitar and wearing a +0 robe of positive energy.
A wight comes into view. It is wielding a +3 mace of freezing.
Found 5 gold pieces.
A leopard gecko and 2 wights come into view.
A wight is wielding a +0 vorpal great sword.
Okay, then.
Unknown command.
The leopard gecko moves out of view.
The wight moves out of view. x2
Unknown command.
Casting: Sticky Flame (quite dangerous; 12% risk of failure)
Confirm with . or Enter, or press ? or * to list all spells.
Okay, then.
As you read the scroll of teleportation, it crumbles to dust.
You feel strangely unstable. The wight misses you.
The centaur zombie hits you but does no damage.
Your surroundings suddenly seem different.
The cyclops throws a large rock.
The large rock hits you!!
You die...

########...'..........
#..(..#....#..........
#.....##..##..#######.
#.....##..########.##.
#....C#....)..).......
#.....##..............
#...>.##..##..####'##.
#....(##..#..)[)....#.
#....@.(....≈≈≈≈≈≈....
#####'##....≈≈≈≈≈≈..).
#.....##....≈≈>.≈≈....
#.....##..#.≈≈_⌠≈≈.##.
#.....##..#.≈≈≈≈≈≈.##.
########..#.≈≈≈≈≈≈.#..
#..#........#..
...'........# .
...#........# .


You could see a cyclops.

Vanquished Creatures
  3 ice beasts
  2 ogres
  A bullfrog (D:6)
  A wyvern zombie (D:6)
  2 scorpions
  A wight (D:6)
  3 orc priests
  A jelly (D:6)
  Crazy Yiuf (D:5)
  2 centaur skeletons
  3 hounds
  An orc wizard (D:4)
  A gnoll shaman (D:6)
  A killer bee zombie (D:6)
  A hound zombie (D:6)
  A howler monkey zombie (D:5)
  4 gnolls (D:6)
  2 adders
  A shadow imp (D:6)
  A white imp (D:5)
  An ufetubus (D:6)
  An adder zombie (D:3)
  3 worms (D:5)
  2 dart slugs (D:4)
  6 leopard geckos
  7 orcs
  2 ball pythons
  7 giant cockroaches
  7 goblins
  10 hobgoblins
  3 jackals (D:5)
  5 bats
  3 frilled lizards
  8 kobolds
  A leopard gecko skeleton (D:5)
  13 rats
112 creatures vanquished.

Vanquished Creatures (others)
  460 foxfires
460 creatures vanquished.

Grand Total: 572 creatures vanquished

Notes
Turn   | Place    | Note
-------+----------+-------------------------------------------
     0 | D:1      | Conn the Octopode Fire Elementalist began the quest for the
                  | Orb.
     0 | D:1      | Reached XP level 1. HP: 11/11 MP: 3/3
   264 | D:1      | Reached XP level 2. HP: 17/17 MP: 3/5
  1385 | D:2      | Reached XP level 3. HP: 21/21 MP: 4/6
  1501 | D:2      | Reached XP level 4. HP: 25/27 MP: 1/7
  1533 | D:3      | Found a hide-covered altar of Uskayaw.
  1804 | D:3      | Learned a level 3 spell: Conjure Flame
  1809 | D:3      | Learned a level 3 spell: Inner Flame
  2693 | D:2      | Reached skill level 4 in Fire Magic
  2762 | D:2      | Found a faded altar of an unknown god.
  3631 | D:2      | Reached XP level 5. HP: 31/31 MP: 9/9
  3667 | D:4      | Noticed an ogre
  3670 | D:4      | Noticed an ice beast
  3744 | D:4      | Found a shadowy altar of Dithmenos.
  3813 | D:4      | Noticed an ice beast
  4212 | D:4      | Killed an ogre
  4213 | D:4      | Reached skill level 1 in Shields
  4213 | D:4      | Reached XP level 6. HP: 17/36 MP: 1/10
  4808 | D:2      | Learned a level 4 spell: Sticky Flame
  5143 | D:3      | Killed an ice beast
  5227 | D:4      | Reached skill level 5 in Fire Magic
  5261 | D:5      | Entered Level 5 of the Dungeon
  5393 | D:5      | Reached XP level 7. HP: 41/41 MP: 7/11
  5479 | D:4      | Found a hazy altar of Hepliaklqana.
  5482 | D:4      | Found an opulent altar of Gozag.
  5882 | D:5      | Found an ornate altar of the Wu Jian Council.
  5928 | D:5      | Noticed a moth of wrath
  5930 | D:5      | Found a bloodstained altar of Trog.
  6367 | D:5      | Found a runed translucent door.
  6368 | D:5      | Noticed Crazy Yiuf
  6398 | D:5      | Killed Crazy Yiuf
  6412 | D:5      | Got a faintly glowing mace
  6413 | D:5      | Identified the +9 mace of Nalla {venom, rF+ Int+2} (You
                  | found it on level 5 of the Dungeon)
  6782 | D:6      | Found a broken altar of Ashenzari.
  6805 | D:6      | Reached XP level 8. HP: 47/47 MP: 9/13
  6811 | D:6      | Reached skill level 1 in Fighting
  6834 | D:6      | Reached skill level 6 in Fire Magic
  7065 | D:6      | HP: 2/48 [wyvern zombie (15)]
  7067 | D:6      | Gained mutation: You are covered in fur. (AC +1) [potion of
                  | mutation]
  7067 | D:6      | Gained mutation: You are surrounded by a mild repulsion
                  | field. (EV +2) [potion of mutation]
  7067 | D:6      | Gained mutation: You are resistant to hostile enchantments.
                  | (MR+) [potion of mutation]
  7083 | D:6      | Noticed a cyclops
  7638 | D:6      | Hit by a large rock thrown by a cyclops

Illustrated notes

Levels and vault maps discovered:
D:1:      ncdulo_smallfort, layout_loops_cross, hex_large
D:2:      layout_basic, chequers_ecumenical_altar_simple
D:3:      layout_rooms, eat_drink_and_be_merry_uskayaw, hangedman_decor_push,
          roderic_cross_of_infinity, patterned_corridor
D:4:      layout_cave_pools, grunt_dithmenos_smoke,
          gammafunk_temple_overflow_statue, grunt_ministairs_8
D:5:      layout_cave_pools, tgw_trog, overflow_temple_1_default,
          uniq_crazy_yiuf_cottage
D:6:      cheibrodos_fzero, layout_gridville, general_overflow_altar,
          hangedman_abyss_or_decor_stagger
D:7:      layout_loops_ring, lemuel_temple_firewalk_b, basic_altar,
          minmay_ruined_shrine

Skill      XL: |  1  2  3  4  5  6  7  8 |
---------------+-------------------------+-----
Stealth        | 3 4 |  4.1
Fire Magic     | 4 5 6 |  6.6
Conjurations   | 2 3 4 |  4.4
Shields        | 1 2 |  2.7
Spellcasting   | 3 4 |  4.1
Dodging        | 3 |  3.6
Fighting       | 1 |  1.2
Short Blades   | |  0.5
Evocations     | |  0.8

Action                   |  1- 3 |  4- 6 |  7- 9 || total
-------------------------+-------+-------+-------++-------
Melee: Unarmed           |     4 |       |       ||     4
       Constrict         |     1 |     3 |     8 ||    12
       Tentacles         |     1 |     1 |     7 ||     9
       Dagger            |       |     9 |       ||     9
       Short sword       |       |     9 |    13 ||    22
       Mace              |       |       |     5 ||     5
 Cast: Foxfire           |    50 |   121 |    94 ||   265
       Conjure Flame     |       |     4 |     2 ||     6
       Sticky Flame      |       |       |     2 ||     2
Evoke: Wand              |       |     6 |     9 ||    15
  Use: Potion            |       |     5 |     6 ||    11
       Scroll            |       |    11 |     2 ||    13
 Stab: Sleeping          |       |       |     4 ||     4
Armor: Skin              |     1 |     2 |     5 ||     8
Dodge: Dodged            |    13 |    38 |    33 ||    84

Table legend: (Time is in decaauts)
 A = Elapsed time spent in this place.
 B = Non-inter-level travel time spent in this place.
 C = Inter-level travel time spent in this place.
 D = Time resting spent in this place.
 E = Time spent auto-exploring this place.
 F = Levels seen in this place.
 G = Mean time per level.
                   A        B        C        D        E       F      G
               +--------+--------+--------+--------+--------+-----+--------+
         Total |   7648 |   7623 |     25 |   1936 |   3135 |   7 | 1092.6 |
       Dungeon |   7648 |   7623 |     25 |   1936 |   3135 |   7 | 1092.6 |
               +--------+--------+--------+--------+--------+-----+--------+

Top non-repeatable levels by time:
     D:2: 1935 daAuts
     D:3: 1722 daAuts
     D:5: 1531 daAuts
     D:1: 1189 daAuts
     D:6: 776 daAuts
     D:4: 491 daAuts
     D:7: 1 daAuts
